 Dungeon Crawl Stone Soup version 0.25-a0-263-g9d16a9d099 (webtiles) character file.

Game seed: 352686929950643796, levelgen mode: deterministic

5882 Redear the Blocker (level 10, -3/72 HPs)
             Began as an Octopode Fighter on Dec 7, 2019.
             Was a Plaything of Xom.
             Slain by a yak (17 damage)
             ... on level 10 of the Dungeon.
             The game lasted 00:26:59 (10105 turns).

Redear the Blocker (Octopode Fighter)              Turns: 10105, Time: 00:27:00

Health: -3/72      AC:  1    Str: 18    XL:     10   Next: 82%
Magic:  10/10      EV: 18    Int: 14    God:    Xom [....*.]
Gold:   214        SH: 11    Dex: 18    Spells: 9/9 levels left

rFire    . . .     SeeInvis .   w - +2 short sword (venom)
rCold    + . .     Gourm    .   b - +0 shield
rNeg     . . .     Faith    .   (helmet restricted)
rPois    +         Spirit   .   D - amulet of rage {+Rage}
rElec    .         Reflect  .   g - ring of resist corrosion
rCorr    +         Harm     .   o - ring of poison resistance {rPois}
MR       .....     Clarity  +   i - +4 ring of intelligence
Stlth    +++++.....             c - ring of protection from cold {rC+}
HPRegen  0.22/turn              n - +3 ring of dexterity
MPRegen  0.12/turn              (no ring)
                                (no ring)
                                (no ring)

@: no status effects
A: almost no armour, stealthy swim, amphibious, 8 rings, constrict 8, tentacle
spike 1, camouflage 1, clarity, strong 1, gelatinous body 1
a: Renounce Religion, Evoke Berserk Rage


You were on level 10 of the Dungeon.
You worshipped Xom.
You were a beloved toy of Xom.
You were not hungry.

You visited 3 branches of the dungeon, and saw 12 of its levels.
You also visited: Sewer.

You collected 574 gold pieces.
You spent 360 gold pieces at shops.

Inventory:

Hand Weapons
 a - a +0 long sword
 w - a +2 short sword of venom (weapon)
 x - the +1 rapier of Jekivuet {freeze, rPois}
   (You bought it in a shop on level 9 of the Dungeon)

   It has been specially enchanted to freeze those struck by it, causing extra
   injury to most foes and up to half again as much damage against particularly
   susceptible opponents.
   It can also slow down cold-blooded creatures.
   It protects you from poison.
 F - the +8 hunting sling "Rekuxia" {flame, rC+ Dex+7}
   (You found it on level 8 of the Dungeon)

   It causes projectiles fired from it to burn those they strike, causing extra
   injury to most foes and up to half again as much damage against particularly
   susceptible opponents.
   It affects your dexterity (+7).
   It protects you from cold.
Armour
 b - a +0 shield (worn)
 u - a +0 buckler
Magical Staves
 e - an uncursed staff of fire {rF+}
Jewellery
 c - a ring of protection from cold (on tentacle) {rC+}
 g - a ring of resist corrosion (left tentacle)
 i - a +4 ring of intelligence (on tentacle)
 j - an uncursed amulet of the gourmand {Gourm}
 n - a +3 ring of dexterity (on tentacle)
 o - a ring of poison resistance (right tentacle) {rPois}
 D - an amulet of rage (around mantle) {+Rage}
Wands
 y - a wand of polymorph (4)
 I - a wand of iceblast (9)
Scrolls
 h - 2 scrolls of amnesia
 k - a scroll of blinking {unknown}
 s - 4 scrolls of enchant armour
 B - a scroll of noise
 C - 2 scrolls of immolation {unknown}
 E - a scroll of torment {unknown}
 J - a scroll of fear
 N - 4 scrolls of remove curse {@r2}
 R - 2 scrolls of identify {@r1}
 T - a scroll of teleportation {@r3}
Potions
 d - a potion of berserk rage {unknown}
 f - 4 potions of brilliance {Archmagi Int+5 Wiz++}
 l - 2 potions of flight
 m - a potion of might {Str+5 DMG+1d10 | @q3}
 p - 2 potions of magic
 q - 2 potions of haste {unknown}
 r - a potion of cancellation {unknown}
 t - 2 potions of agility {unknown}
 v - a potion of ambrosia {unknown}
 A - a potion of resistance {unknown}
 G - a potion of lignification {unknown}
 Q - 2 potions of curing {@q2}
Comestibles
 z - 20 rations


   Skills:
 + Level 8.1 Fighting
 - Level 7.3 Long Blades
 + Level 2.4 Slings
 + Level 8.1 Dodging
 + Level 7.2 Stealth
 + Level 8.2 Shields


You had 9 spell levels left.
You didn't know any spells.
Your spell library contained the following spells:

 Spells                   Type           Power        Failure   Level  Hunger
 Freeze                   Ice            #...         56%         1    ##.....
 Magic Dart               Conj           #...         56%         1    ##.....
 Searing Ray              Conj           #.....       71%         2    ###....
 Dazzling Flash           Conj/Hex       #.....       90%         3    ####...
 Ozocubu's Armour         Chrm/Ice       #.......     90%         3    ####...
 Fulminant Prism          Conj/Hex       #.........   100%        4    #####..
 Hailstorm                Conj/Ice       #.......     100%        4    #####..
 Iskenderun's Mystic Bla  Conj/Tloc      #.......     100%        4    #####..
 Summon Ice Beast         Ice/Summ       #.......     100%        4    #####..


Dungeon Overview and Level Annotations

Branches:
Dungeon (10/15)            Temple (1/1) D:5            Lair (1/6) D:9
  Sewer (visited)
    Orc: D:9-12

Altars:
Ashenzari
Cheibriados
Elyvilon
Fedhas
Gozag
Hepliaklqana
Kikubaaqudgha
Makhleb
Nemelex Xobeh
Okawaru
Ru
Sif Muna
Trog
Vehumet
Wu Jian
Xom
Zin
The Shining One

Shops:
D:4 [   D:9 (

Annotations:
D:2 exclusion: 2 gnolls


Innate Abilities, Weirdness & Mutations

You cannot wear most types of armour.
You are very stealthy in the water. (Stealth+)
You are amphibious.
You can wear up to eight rings at the same time.
You can use your tentacles to constrict eight enemies at once.
Your skin changes colour to match your surroundings (Stealth+).
Your rubbery body absorbs attacks. (AC +1, EV +1)
One of your tentacles bears a spike.
You possess an exceptional clarity of mind.
Your muscles are strong. (Str +2)


Message History

You block the yak's attack. x2
You puncture the yak! Your squeeze misses the yak.
The yak is severely wounded.
You block the yak's attack. The yak gores you!!
* * * LOW HITPOINT WARNING * * *
You are too injured to fight recklessly!
You are too injured to fight recklessly!
You take 18 damage, and have 14/72 hp.
MASSIVE DAMAGE!!
You are too injured to fight recklessly!
You are too injured to fight recklessly!
You are too injured to fight recklessly!
You are too injured to fight recklessly!
You are too injured to fight recklessly!
You are too injured to fight recklessly!
Unknown command.
Unknown command.
Unknown command.
The yak gores you!
You die...
Xom snickers!

########## ############
#...$...Z### #........<.#
#.......Y'Y## #..........#
#.......Z#Y@####..........#
#........##....'..........#
#######+########..........#
#..........# #..........#
#.##'####### #.##..#
#+###.####### #..>....#


You could see 3 yaks and a centaur zombie.

Vanquished Creatures
  A salamander (D:9)
  The ghost of anet the Magician, a novice DEWz (D:5)
  A hornet (D:9)
  2 hippogriffs (D:8)
  Prince Ribbit (D:5)
  Sigmund (D:6)
  3 yaks (D:9)
  A steam dragon (D:7)
  Menkaure (D:6)
  A soldier ant (D:9)
  3 wargs (D:9)
  An ice beast (D:7)
  2 sky beasts
  A phantom (D:9)
  5 ogres
  2 centaurs
  4 bullfrogs
  3 big kobolds (Sewer)
  2 jellies
  4 scorpions
  8 wights (D:8)
  A howler monkey (D:8)
  3 crimson imps
  3 orc priests
  Crazy Yiuf (D:4)
  2 hounds
  A centaur zombie (D:7)
  7 orc wizards
  A bullfrog skeleton (D:7)
  3 centaur skeletons
  3 iguanas
  6 worker ants
  2 hound skeletons
  A gnoll (D:2)
  A river rat (Sewer)
  12 adders
  2 shadow imps (D:9)
  3 oozes
  An adder skeleton (D:9)
  An adder zombie (D:5)
  5 worms
  A dart slug (D:1)
  4 leopard geckos
  32 orcs
  4 giant cockroaches
  11 goblins
  5 hobgoblins
  11 jackals
  6 quokkas
  4 ball pythons (Sewer)
  10 bats
  6 frilled lizards (D:3)
  13 kobolds
  A leopard gecko zombie (D:5)
  10 rats
225 creatures vanquished.

Vanquished Creatures (others)
  5 plants (D:6)
5 creatures vanquished.

Grand Total: 230 creatures vanquished

Notes
Turn   | Place    | Note
-------+----------+-------------------------------------------
     0 | D:1      | Redear the Octopode Fighter began the quest for the Orb.
     0 | D:1      | Reached XP level 1. HP: 16/16 MP: 1/1
    21 | D:1      | Reached XP level 2. HP: 18/21 MP: 2/2
    80 | D:1      | Reached skill level 1 in Stealth
   217 | D:1      | Reached XP level 3. HP: 24/26 MP: 3/3
   694 | D:2      | Reached skill level 2 in Stealth
   814 | D:2      | Reached XP level 4. HP: 31/31 MP: 4/4
   827 | D:2      | Found a white marble altar of Elyvilon.
  1057 | D:2      | Found a burning altar of Makhleb.
  1376 | D:3      | Reached XP level 5. HP: 14/36 MP: 5/5
  1425 | D:3      | Found a sparkling altar of Nemelex Xobeh.
  1664 | D:3      | Reached skill level 3 in Long Blades
  1818 | D:3      | Found a glowing drain.
  1822 | D:3      | Reached skill level 3 in Stealth
  1831 | Sewer    | Entered a sewer
  2001 | Sewer    | Noticed a big kobold
  2008 | Sewer    | Killed a big kobold
  2008 | Sewer    | Reached skill level 4 in Fighting
  2008 | Sewer    | Reached skill level 4 in Shields
  2008 | Sewer    | Reached XP level 6. HP: 29/43 MP: 6/6
  2089 | Sewer    | Reached skill level 4 in Dodging
  2190 | Sewer    | Reached skill level 4 in Stealth
  2726 | D:4      | Reached XP level 7. HP: 48/48 MP: 7/7
  3063 | D:4      | Found Wuedok's Armour Emporium.
  3166 | D:4      | Found a runed translucent door.
  3167 | D:4      | Noticed Crazy Yiuf
  3175 | D:4      | Killed Crazy Yiuf
  3269 | D:5      | Entered Level 5 of the Dungeon
  3279 | D:5      | Found a staircase to the Ecumenical Temple.
  3302 | D:5      | Found an iron altar of Okawaru.
  3372 | D:5      | Noticed Prince Ribbit
  3388 | D:5      | HP: 4/49 [something (5)]
  3398 | D:5      | Reached skill level 4 in Long Blades
  3406 | D:5      | Killed Prince Ribbit
  3406 | D:5      | Reached skill level 5 in Stealth
  3563 | D:5      | Found a runed translucent door.
  3563 | D:5      | Noticed anet's ghost (novice DEWz)
  3643 | D:5      | Reached XP level 8. HP: 54/54 MP: 8/8
  3749 | D:5      | Reached skill level 5 in Fighting
  3749 | D:5      | Reached skill level 5 in Dodging
  3749 | D:5      | Reached skill level 5 in Shields
  3962 | Temple   | Entered the Ecumenical Temple
  3971 | Temple   | Became a worshipper of Xom of Chaos
  4025 | D:5      | Killed anet's ghost
  4025 | D:5      | Reached skill level 6 in Stealth
  4071 | D:6      | Noticed Menkaure
  4082 | D:6      | XOM: potion effect (agility)
  4084 | D:6      | Killed Menkaure
  4084 | D:6      | Reached skill level 5 in Long Blades
  4244 | D:6      | XOM: fog
  4286 | D:6      | HP: 5/57 [ogre/+0 giant spiked club (32)]
  4288 | D:6      | XOM: scenery: create altars
  4429 | D:5      | XOM: scenery: create altars
  4604 | D:6      | XOM: summons 4 friendly demons
  4607 | D:6      | XOM: scenery: create altars
  4998 | D:7      | XOM: 9-stop teleportation journey
  5002 | D:7      | Reached XP level 9. HP: 34/62 MP: 9/9
  5015 | D:7      | Reached skill level 6 in Fighting
  5015 | D:7      | Reached skill level 6 in Dodging
  5015 | D:7      | Reached skill level 6 in Shields
  5474 | D:7      | XOM: summons 2 hostile shadow creatures
  5639 | D:7      | XOM: butterfly on damage
  5640 | D:7      | XOM: smoke on damage
  6157 | D:8      | Reached skill level 6 in Long Blades
  6170 | D:8      | Got a polished hunting sling
  6347 | D:6      | Found a snail-covered altar of Cheibriados.
  6347 | D:6      | XOM: 2-stop teleportation journey
  6350 | D:6      | Found a shattered altar of Ashenzari.
  6358 | D:6      | Noticed a two-headed ogre
  6527 | D:6      | Noticed Sigmund
  6638 | D:6      | Killed Sigmund
  6757 | D:7      | XOM: give mutations
  6757 | D:7      | Gained mutation: You possess an exceptional clarity of
                  | mind. [Xom's grace]
  6757 | D:7      | Gained mutation: Your muscles are strong. (Str +2) [Xom's
                  | grace]
  6757 | D:7      | Gained mutation: One of your tentacles bears a spike.
                  | [Xom's grace]
  6804 | D:6      | XOM: swap monsters
  7106 | D:8      | Reached skill level 7 in Fighting
  7106 | D:8      | Reached skill level 7 in Shields
  7110 | D:8      | Reached skill level 7 in Dodging
  7188 | D:8      | Found an ancient bone altar of Kikubaaqudgha.
  7305 | D:8      | Reached XP level 10. HP: 61/71 MP: 10/10
  7396 | D:8      | XOM: chaos upgrade
  7431 | D:8      | XOM: summons 3 hostile demons
  7432 | D:8      | Noticed a rust devil
  7487 | D:8      | XOM: give mutations
  7487 | D:8      | Gained mutation: You are partially covered in rugged brown
                  | scales. (AC +1, +3% HP) [Xom's mischief]
  7487 | D:8      | Lost mutation: You are partially covered in rugged brown
                  | scales. (AC +1, +3% HP) [Xom's mischief]
  7699 | D:8      | Reached skill level 7 in Long Blades
  7880 | D:8      | XOM: medium Air miscast
  8286 | D:8      | XOM: mild Hex miscast
  8431 | D:8      | XOM: harmless Erth miscast
  8537 | D:9      | XOM: stealth player
  8651 | D:9      | Noticed a salamander
  8651 | D:9      | a yak changed into a salamander
  8651 | D:9      | XOM: polymorph yak -> salamander
  8784 | D:9      | Found Jieg's Antique Weapon Shoppe.
  8790 | D:9      | Bought a runed short sword for 144 gold pieces
  8790 | D:9      | Bought a warped rapier for 216 gold pieces
  8795 | D:9      | Identified the +8 hunting sling "Rekuxia" {flame, rC+
                  | Dex+7} (You found it on level 8 of the Dungeon)
  8796 | D:9      | Identified the cursed +1 rapier of Jekivuet {freeze, rPois}
                  | (You bought it in a shop on level 9 of the Dungeon)
  8954 | D:9      | Found a sacrificial altar of Ru.
  8973 | D:9      | XOM: medium Fire miscast
  8985 | D:9      | XOM: mild Pois miscast
  8986 | D:9      | XOM: chaos cloud
  9002 | D:9      | XOM: scenery: create altars
  9023 | D:9      | XOM: polymorph howler monkey -> iguana
  9052 | D:9      | Found a staircase to the Lair.
  9090 | D:9      | Reached skill level 1 in Slings
  9096 | Lair:1   | Entered Level 1 of the Lair of Beasts
  9262 | Lair:1   | XOM: cloud trail
  9265 | Lair:1   | XOM: god gift: lightning rod (4/4)
  9528 | D:9      | Reached skill level 8 in Fighting
  9528 | D:9      | Reached skill level 8 in Dodging
  9528 | D:9      | Reached skill level 8 in Shields
  9624 | D:9      | HP: 9/108 [salamander (15)]
  9625 | D:9      | Killed a salamander
  9625 | D:9      | Reached skill level 2 in Slings
  9625 | D:9      | Reached skill level 7 in Stealth
  9906 | D:9      | XOM: god gift: short runed staff {god gift}
  9987 | D:10     | Entered Level 10 of the Dungeon
 10105 | D:10     | Slain by a yak

Levels and vault maps discovered:
D:1:      mrwooster_arrival_statue_3, layout_loops_ring
D:2:      layout_loops_ring, lemuel_round_altar, elyvilon_altar_5
D:3:      layout_rooms, nemelex_altar_shiori, portal_sewer_entry_d,
          kennysheep_cross_bottleneck
D:4:      layout_rooms, serial_shops, shop, first_ration,
          uniq_crazy_yiuf_cottage
D:5:      layout_cave_pools, kennysheep_okawaru_gauntlet, temple_pool_b,
          gammafunk_ghost_grave, uniq_prince_ribbit1
D:6:      layout_rooms, minitemple, serial_bayou_lagoon_b, uniq_sigmund,
          uniq_menkaure
D:7:      layout_gridville
D:8:      layout_basic, kennysheep_mini_moat
D:9:      layout_small_grid, lemuel_coloured_pillars_altar,
          erik_lair_orcish_takeover, hangedman_pestilent_swarm,
          kennysheep_small_square
D:10:     layout_roguey, kennysheep_generic_room_13
Temple:   eino_temple_lava
Lair:1:   layout_long_grid, serial_bayou_shore_b, serial_bayou_shore_a,
          lemuel_fruit_tree, lemuel_fruit_fields

Skill      XL: |  1  2  3  4  5  6  7  8  9 10 |
---------------+-------------------------------+-----
Stealth        | 1 2 3 4 5 6 7 |  7.2
Long Blades    | 3 4 5 6 7 |  7.3
Fighting       | 4 5 7 8 |  8.1
Shields        | 4 5 7 8 |  8.2
Dodging        | 4 5 7 8 |  8.1
Slings         | 2 |  2.4

Action                   |  1- 3 |  4- 6 |  7- 9 | 10-12 || total
-------------------------+-------+-------+-------+-------++-------
Melee: Long sword        |    49 |   126 |   233 |    62 ||   470
       Tentacles         |    15 |    25 |    78 |    49 ||   167
       Constrict         |    12 |    33 |    52 |    28 ||   125
       Kick              |       |       |    22 |    88 ||   110
       Short sword       |       |       |       |   114 ||   114
 Abil: Evoke Berserk Rag |       |       |       |     1 ||     1
  Use: Scroll            |       |       |    19 |     4 ||    23
       Potion            |       |       |     7 |     3 ||    10
 Stab: Sleeping          |     7 |    20 |    10 |    13 ||    50
       Distracted        |       |       |     2 |     1 ||     3
  Eat: Chunk             |       |     2 |    17 |     4 ||    23
       Ration            |       |     1 |     1 |     1 ||     3
Armor: Skin              |     5 |     5 |     4 |     4 ||    18
Dodge: Dodged            |    23 |    71 |   132 |    84 ||   310
Block: Shield            |    18 |    47 |    63 |    74 ||   202
       Buckler           |       |       |    18 |     8 ||    26
       Rpst.: Long sword |     8 |    19 |    35 |     8 ||    70

Table legend:
 A = Non-vault XP
 B = Vault XP
 C = Vault XP percentage of total XP
 D = Non-vault monster count
 E = Vault monster count
 F = Vault count percentage of total count
                 A         B        C        D         E       F
            +---------+---------+-------+---------+---------+-------
      Total |    5871 |    2532 |  30.1 |     182 |      43 |  19.1
            +---------+---------+-------+---------+---------+-------
        D:1 |      52 |       0 |   0.0 |      23 |       0 |   0.0
        D:2 |      73 |       0 |   0.0 |      20 |       0 |   0.0
        D:3 |     108 |      14 |  11.5 |      30 |       1 |   3.2
        D:4 |      89 |      42 |  32.1 |       5 |       1 |  16.7
        D:5 |     373 |     603 |  61.8 |      11 |       4 |  26.7
        D:6 |     641 |     395 |  38.1 |      16 |       2 |  11.1
        D:7 |     905 |       0 |   0.0 |      17 |       0 |   0.0
        D:8 |    1567 |       0 |   0.0 |      25 |       0 |   0.0
        D:9 |    1900 |    1126 |  37.2 |      33 |      12 |  26.7
       D:10 |     163 |       0 |   0.0 |       2 |       0 |   0.0
      Sewer |       0 |     352 | 100.0 |       0 |      23 | 100.0
            +---------+---------+-------+---------+---------+-------
